 Dungeon Crawl Stone Soup version 0.27-a0-32-g443bf2d2ca (webtiles) character file.

Game seed: 4357684927292053385

225 Halt the Slasher (level 6, 0/48 HPs)
             Began as a Human Fighter on Jan 3, 2021.
             Was an Initiate of Yredelemnul.
             Succumbed to a water moccasin's poison
             ... in a sewer on Jan 4, 2021.
             The game lasted 01:32:07 (5722 turns).

Halt the Slasher (Human Fighter)                    Turns: 5722, Time: 01:32:07

Health: 0/48       AC: 11    Str: 19    XL:     6   Next: 21%
Magic:  6/6        EV:  5    Int:  8    God:    Yredelemnul [......]
Gold:   220        SH:  9    Dex: 12    Spells: 5/5 levels left

rFire    + . .     SeeInvis .   a - +0 long sword
rCold    . . .     Faith    .   c - +0 kite shield
rNeg     . . .     Spirit   .   D - +2 chain mail {rC+}
rPois    .         Reflect  .   (no helmet)
rElec    .         Harm     .   (no cloak)
rCorr    .         Rampage  .   (no gloves)
Will     .....                  (no boots)
Stlth    ..........             (no amulet)
HPRegen  0.16/turn              N - ring of fire
MPRegen  0.10/turn              S - ring of flight

@: lethally poisoned (0 -> -13)
A: no striking features
a: Renounce Religion, Evoke Flight


You were in a sewer.
You worshipped Yredelemnul.
Yredelemnul was noncommittal.
You visited 2 branches of the dungeon, and saw 6 of its levels.
You also visited: Sewer.

You collected 220 gold pieces.

Inventory:

Hand Weapons
 a - a +0 long sword (weapon)
 g - a +0 mace
 k - a +0 hand axe
 n - a +0 short sword
 J - a +0 dagger
 Q - a +0 hunting sling
Missiles
 e - 161 stones (quivered)
 i - 39 bolts
 m - 57 arrows
 r - 65 sling bullets
 x - 50 poisoned darts
 X - 7 javelins
Armour
 b - a +0 helmet
 c - a +0 kite shield (worn)
 D - a +2 chain mail of cold resistance (worn)
 T - a +0 plate armour
Jewellery
 j - an uncursed ring of magical power
 N - a ring of fire (left hand)
 S - a ring of flight (right hand)
Wands
 y - a wand of polymorph (9)
Scrolls
 f - a scroll of remove curse
 l - 2 scrolls of enchant armour {unknown}
 s - 3 scrolls of teleportation {unknown}
 B - 5 scrolls of identify {unknown}
 F - 3 scrolls of noise {unknown}
Potions
 d - a potion of might
 h - 2 potions of curing {unknown}
 o - a potion of degeneration {unknown}
 q - a potion of attraction {unknown}
 M - a potion of invisibility


   Skills:
 * Level 4.0 Fighting
 * Level 4.1 Long Blades
 + Level 0.9 Throwing
 + Level 3.9 Armour
 + Level 0.8 Dodging
 + Level 0.1 Stealth
 + Level 3.3 Shields


You had 5 spell levels left.
You didn't know any spells.
Your spell library was empty.

Dungeon Overview and Level Annotations

Branches:
Dungeon (5/15)             Temple (1/1) D:4           Sewer (1/1)

Altars:
Ashenzari
Cheibriados
Dithmenos
Elyvilon
Fedhas
Gozag
Kikubaaqudgha
Makhleb
Nemelex Xobeh
Okawaru
Qazlal
Ru
Trog
Uskayaw
Wu Jian
Yredelemnul
Zin
The Shining One

Shops:
D:4 (


Message History

You are more poisoned.
The water moccasin poisons you!
You closely miss the water moccasin.
The water moccasin is almost dead.
* * * LOW HITPOINT WARNING * * *
You feel sick.
The water moccasin bites you but does no damage.
The water moccasin completely misses you.
Blink to where?
Press: ? - help, Dir - move target Splash!
As you read the scroll of blinking, it crumbles to dust.
* * * LOW HITPOINT WARNING * * *
You feel sick.
* * * LOW HITPOINT WARNING * * *
You feel sick.
* * * LOW HITPOINT WARNING * * *
You feel sick.
You die...
Your body rises from the dead as a mindless zombie.

#### ####..# #≈##..#
#≈##..# ########
#≈###.## ###.≈..≈.###
##≈##...#
###....S≈.≈≈.###
#.≈.#...#
#[≈##≈..≈.####≈.@..###
#.≈.....# #...≈.###
###...≈.###≈≈.....#
#.≈....##
##..≈.≈.≈.≈)#####
###≈.≈≈.
#.≈.≈.###≈≈.....#
#/≈##≈..≈ #≈≈≈≈.###
#.≈...∩.# #$ ###..≈
≈≈..≈.### #.≈.#.∩.# #
##.≈..≈.## ##≈##...#
###### #≈###### #≈#


You could see a water moccasin.

Vanquished Creatures
  A killer bee zombie (D:5)
  11 adders
  2 white imps
  An ooze (D:5)
  4 worms
  A dart slug (D:2)
  A leopard gecko (D:2)
  2 orcs (D:3)
  3 giant cockroaches (D:1)
  5 goblins
  13 hobgoblins
  4 jackals
  6 kobolds
  5 quokkas
  2 ball pythons
  7 bats
  8 frilled lizards
  A leopard gecko skeleton (D:4)
  4 rats
81 creatures vanquished.

Notes
Turn   | Place    | Note
-------+----------+-------------------------------------------
     0 | D:1      | Halt the Human Fighter began the quest for the Orb.
     0 | D:1      | Reached XP level 1. HP: 18/18 MP: 1/1
   245 | D:1      | Reached XP level 2. HP: 24/24 MP: 2/2
   573 | D:1      | Reached XP level 3. HP: 28/29 MP: 3/3
   971 | D:2      | Reached XP level 4. HP: 35/35 MP: 4/4
  1834 | D:2      | Upgraded the game from 0.27-a0-25-g087482e4d5 to
                  | 0.27-a0-32-g443bf2d2ca
  2675 | D:3      | Reached XP level 5. HP: 32/42 MP: 5/5
  3924 | D:4      | Found Omante's Antique Weapon Shoppe.
  4765 | D:4      | Found a staircase to the Ecumenical Temple.
  4773 | Temple   | Entered the Ecumenical Temple
  4989 | Temple   | Became a worshipper of Yredelemnul the Dark
  5192 | D:5      | Entered Level 5 of the Dungeon
  5291 | D:5      | Reached XP level 6. HP: 33/48 MP: 6/6
  5412 | D:5      | Found a glowing drain.
  5479 | Sewer    | Entered a sewer
  5697 | Sewer    | Noticed a water moccasin
  5721 | Sewer    | HP: 1/48 [poisoned by a water moccasin]
  5722 | Sewer    | Succumbed to a water moccasin's poison

Illustrated notes

Levels and vault maps discovered:
D:1:      amcnicky_arrival_flooded_fountain, layout_rooms, minmay_tetromino_t4
D:2:      layout_basic, serial_co_window_serial, co_window_cross_1,
          co_window_paths_a, co_window_corner_a, co_window_paths_a,
          co_window_corner_a, co_window_corner_cb, co_window_corner_b,
          co_window_cross_3, co_window_corner_ca, co_window_4corner_a,
          glass_columns_c, glass_columns_a, glass_columns_c, glass_columns_c,
          glass_columns_a
D:3:      layout_loops_cross, grunt_decor_resistance, minmay_misc_feat_tower,
          grunt_ministairs_8, chequers_serial_rivers_micro_d
D:4:      layout_basic, minmay_temple_entry_enclosed_plants, serial_shops,
          nicolae_shop_waterfront
D:5:      cheibrodos_barr_body, layout_loops_corners,
          nzn_hepliaklqana_mist_gate, cheibrodos_sewer_entry_sluice, st_stairs_8
Temple:   eino_narrow_crystal_temple
Sewer:    sewer_the_moccasin

Skill      XL: |  1  2  3  4  5  6 |
---------------+-------------------+-----
Long Blades    | 3 4 |  4.1
Fighting       | 4 |  4.0
Throwing       | |  0.9
Armour         | |  3.9
Dodging        | |  0.8
Stealth        | |  0.1
Shields        | |  3.3

Action                   |  1- 3 |  4- 6 || total
-------------------------+-------+-------++-------
Melee: Long sword        |    83 |   232 ||   315
 Fire: Hunting sling     |       |     4 ||     4
Throw: Stone             |    29 |    37 ||    66
Evoke: Wand              |       |     1 ||     1
  Use: Scroll            |       |     5 ||     5
       Potion            |       |     3 ||     3
 Stab: Invisible         |       |     2 ||     2
Armor: Scale mail        |    39 |    15 ||    54
       Plate armour      |       |    72 ||    72
       Chain mail        |       |    70 ||    70
Dodge: Dodged            |    19 |    56 ||    75
Block: Kite shield       |    27 |   112 ||   139
       Rpst.: Long sword |     4 |    15 ||    19

Table legend: (Time is in decaauts)
 A = Elapsed time spent in this place.
 B = Non-inter-level travel time spent in this place.
 C = Inter-level travel time spent in this place.
 D = Time resting spent in this place.
 E = Time spent auto-exploring this place.
 F = Levels seen in this place.
 G = Mean time per level.
                   A        B        C        D        E       F      G
               +--------+--------+--------+--------+--------+-----+--------+
         Total |   5844 |   5507 |    337 |    987 |      0 |   7 |  834.9 |
       Dungeon |   5352 |   5015 |    337 |    842 |      0 |   5 | 1070.4 |
        Temple |    231 |    231 |      0 |      0 |      0 |   1 |  231.0 |
         Sewer |    260 |    260 |      0 |    145 |      0 |   1 |  260.0 |
               +--------+--------+--------+--------+--------+-----+--------+

Top non-repeatable levels by time:
     D:2: 1987 daAuts
     D:3: 1248 daAuts
     D:4: 1058 daAuts
     D:1: 756 daAuts
     D:5: 301 daAuts
   Sewer: 260 daAuts
  Temple: 231 daAuts
